 Dungeon Crawl Stone Soup version 0.21.1-1-g345015fe64 (webtiles) character file.

948370 Oravi the Conqueror (level 27, -1/291 HPs)
             Began as a Merfolk Transmuter on May 7, 2018.
             Was the Champion of Okawaru.
             Killed from afar by a starcursed mass (11 damage)
             ... with an accursed screaming
             ... on level 1 of the Abyss on May 10, 2018.
             The game lasted 19:40:09 (112051 turns).

Oravi the Conqueror (Merfolk Transmuter)          Turns: 112051, Time: 19:40:09

Health: -1/291     AC: 34    Str: 19      XL:     27
Magic:  44/50      EV: 31    Int: 26      God:    Okawaru [******]
Gold:   6938       SH: 11    Dex: 19 (20) Spells: 8/72 levels left

rFire    + + .     SeeInvis .     - Unarmed
rCold    + + .     Gourm    .   J - +1 buckler {rC+ rF+}
rNeg     + + +     Faith    .   (armour currently unavailable)
rPois    ∞         Spirit   .   D - +2 hat
rElec    +         Reflect  .   s - +2 cloak {MR+}
rCorr    .         Harm     .   (gloves currently unavailable)
MR       ++++.                  (boots currently unavailable)
Stlth    ++++......             g - amulet of the Doge {RegenMP Int+5 Dex+5}
HPRegen  1.58/turn              H - ring "Secettyh" {rN+ Str+8}
MPRegen  0.57/turn              F - ring "Fyrujegg" {rF+ rC+ rN+ MR+ Int-3}

@: about to teleport, statue-form (expiring), regenerating, glowing, very slow
A: (change form in water), (swift swim), (stealthy swim), antennae 1,
deterioration 1, frail 1, mutation resistance 2, screaming 1
}: 4/15 runes: serpentine, barnacled, slimy, silver
a: End Transformation, Heroism, Finesse, Renounce Religion


You were on level 1 of the Abyss.
You worshipped Okawaru.
Okawaru was exalted by your worship.
You were very hungry.
You were a stone statue.
You visited 15 branches of the dungeon, and saw 67 of its levels.
You visited the Abyss 4 times.
You also visited: Sewer.

You collected 9649 gold pieces.
You spent 2711 gold pieces at shops.

Inventory:

Hand Weapons
 h - the +15 lance "Wyrmbane" {slay drac, rPois rF+ rC+ AC+3}
   (Okawaru gifted it to you on level 2 of Cocytus)

   It affects your AC (+3).
   It protects you from fire.
   It protects you from cold.
   It protects you from poison.
 I - the +7 trident "Ziff" {pierce, *Rage +Fly rPois Dex+8}
   (Okawaru gifted it to you on level 2 of Cocytus)

   It inflicts extra damage upon your enemies.
   It affects your dexterity (+8).
   It protects you from poison.
   It lets you fly.
   It may make you go berserk in combat.
 L - the +1 trident "Resibo" {freeze, *Contam +Rage Dex+5}
   (Okawaru gifted it to you on level 5 of the Realm of Zot)

   It has been specially enchanted to freeze those struck by it, causing extra
   injury to most foes and up to half again as much damage against particularly
   susceptible opponents.
   It can also slow down cold-blooded creatures.
   It affects your dexterity (+5).
   It lets you go berserk.
   It causes magical contamination when unequipped.
 N - a +5 demon trident of flaming
 S - a +4 trishula of holy wrath
 U - the +5 trident "Kiujaam" {pain, rElec}
   (Okawaru gifted it to you on level 4 of the Depths)

   In the hands of one skilled in necromantic magic, it inflicts extra damage on
   living creatures.
   It insulates you from electricity.
 Z - a +0 antimagic demon trident
Missiles
 a - 1725 arrows
Armour
 s - a +2 cloak of magic resistance (worn)
 w - a +1 shield of positive energy
 D - a +2 hat (worn)
 J - a +1 buckler of resistance (worn)
 P - a +1 pair of boots of flying (melded)
 T - a +2 pair of gloves of dexterity (melded)
 Y - the +3 leather armour of Articulation (melded) {rPois MR+ Str+3 Dex+2}
   (You found it on level 4 of the Lair of Beasts)

   It affects your strength (+3).
   It affects your dexterity (+2).
   It protects you from poison.
   It affects your resistance to hostile enchantments.
Jewellery
 c - the ring of Igetump {MR+ AC+3}
   (You acquired it on level 2 of the Depths)

   [ring of protection]

   It affects your AC (+3).
   It affects your resistance to hostile enchantments.
 g - the amulet of the Doge (around neck) {RegenMP Int+5 Dex+5}
   (You acquired it on level 8 of the Dungeon)

   [amulet of magic regeneration]

   It increases your magic regeneration.
   It affects your intelligence (+5).
   It affects your dexterity (+5).
 p - the ring "Pepuannotad" {rElec Int+2 SInv}
   (You took it off a deep elf death mage on level 3 of the Elven Halls)

   [ring of intelligence]

   It affects your intelligence (+2).
   It insulates you from electricity.
   It lets you see invisible.
 r - an uncursed ring of resist corrosion
 A - the ring of the Thirsty Continents {rF- rN+ Str+2 SInv}
   (You found it on level 3 of the Crypt)

   [ring of positive energy]

   It affects your strength (+2).
   It makes you vulnerable to fire.
   It protects you from negative energy.
   It lets you see invisible.
 F - the ring "Fyrujegg" (right hand) {rF+ rC+ rN+ MR+ Int-3}
   (You found it on level 5 of the Vaults)

   [ring of protection from magic]

   It affects your intelligence (-3).
   It protects you from fire.
   It protects you from cold.
   It protects you from negative energy.
   It affects your resistance to hostile enchantments.
 H - the ring "Secettyh" (left hand) {rN+ Str+8}
   (You found it on level 3 of the Crypt)

   [ring of positive energy]

   It affects your strength (+8).
   It protects you from negative energy.
 R - the ring of the Locust {MR+ Int+2}
   (You found it on level 5 of the Pits of Slime)

   [ring of intelligence]

   It affects your intelligence (+2).
   It affects your resistance to hostile enchantments.
Wands
 K - a wand of digging (117)
Scrolls
 m - 3 scrolls of teleportation
 t - 8 scrolls of magic mapping
 B - 23 scrolls of remove curse
 C - 2 scrolls of blinking
 Q - 8 scrolls of fog
 W - 3 scrolls of identify
 X - 8 scrolls of fear
Potions
 b - 10 potions of cancellation
 f - 17 potions of haste
 l - 11 potions of brilliance
 n - 9 potions of resistance
 o - 13 potions of might
 q - 8 potions of agility
 u - 19 potions of curing
 v - 5 potions of berserk rage
 z - 6 potions of magic
 E - a potion of invisibility
 G - a potion of heal wounds
 V - 2 potions of ambrosia
Comestibles
 d - 73 rations


   Skills:
 O Level 27 Fighting
 - Level 22.0 Polearms
 - Level 22.0 Dodging
 - Level 22.0 Stealth
 - Level 22.0 Shields
 - Level 22.0 Unarmed Combat
 - Level 23.0 Spellcasting
 - Level 2.0 Conjurations
 - Level 12.0 Charms
 - Level 10.0 Summonings
 - Level 9.0 Necromancy
 * Level 12.2 Translocations
 - Level 18.1 Transmutations
 + Level 3.1 Fire Magic
 - Level 11.6 Earth Magic
 - Level 7.0 Poison Magic
 - Level 10.0 Invocations


You had 8 spell levels left.
You knew the following spells:

 Your Spells              Type           Power        Failure   Level  Hunger
a - Statue Form           Tmut/Erth      #######..    1%          6    None
b - Sticks to Snakes      Tmut           #######.     0%          2    None
c - Bolt of Magma         Conj/Fire/Erth ######....   3%          5    None
d - Blade Hands           Tmut           #######...   1%          5    None
e - Petrify               Tmut/Erth      #######.     1%          4    None
f - Regeneration          Chrm/Necr      ######....   1%          3    None
g - Passage of Golubria   Tloc           N/A          1%          4    None
h - Conjure Flame         Conj/Fire      #####...     1%          3    None
i - Blink                 Tloc           N/A          0%          2    None
j - Alistair's Intoxicat  Tmut/Pois      #######.     1%          5    None
k - Lee's Rapid Deconstr  Erth           ######....   1%          5    None
l - Dragon Form           Tmut           #######...   1%          7    ###....
m - Stone Arrow           Conj/Erth      ######       1%          3    None
n - Ozocubu's Armour      Chrm/Ice       ######..     1%          3    None
o - Passwall              Tmut/Erth      #######...   0%          2    None
p - Aura of Abjuration    Summ           ######....   1%          5    None


Dungeon Overview and Level Annotations

Branches:
Dungeon (15/15)            Temple (1/1) D:5            Lair (6/6) D:8
 Shoals (4/4) Lair:4        Snake (4/4) Lair:2        Slime (5/5) Lair:5
    Orc (2/2) D:10            Elf (3/3) Orc:2        Vaults (5/5) D:14
  Crypt (3/3) Vaults:3       Tomb (2/3) Crypt:3      Depths (5/5) D:15
   Hell (1/1)                 Dis (0/7) Hell            Geh (0/7) Hell
    Coc (6/7) Hell            Tar (0/7) Hell            Zot (5/5) Depths:5

Altars:
Ashenzari
Cheibriados
Dithmenos
Elyvilon
Fedhas
Gozag
Hepliaklqana
Kikubaaqudgha
Makhleb
Nemelex Xobeh
Okawaru
Qazlal
Ru
Sif Muna
Trog
Uskayaw
Vehumet
Wu Jian
Xom
Yredelemnul
Zin
The Shining One
Jiyva

Shops:
D:6 ([[?   D:9 =   D:10 *=   D:11 !   D:12 *((   D:13 !   D:15 *   Orc:2 :}(}:
Elf:3 (   Snake:1 (   Snake:3 [   Vaults:1 !   Vaults:4 }   Depths:1 ==

Portals:
Hell: Depths:1 Depths:2 Depths:3 Depths:4 Depths:5
Abyss: Depths:2 Depths:4 Depths:5
Pandemonium: Depths:3
Ziggurat: Depths:1


Innate Abilities, Weirdness & Mutations

((You revert to your normal form in water.))
((You are very nimble and swift while swimming.))
((You are very stealthy in the water. (Stealth+)))
You have a pair of small antennae on your head.
((You are mostly covered in yellow scales. (AC +3)))
Your body sometimes deteriorates upon taking damage.
You are frail. (-10% HP)
You are somewhat resistant to both further mutation and mutation removal.
You occasionally shout uncontrollably at your foes.


Message History

A tentacle flies out from the starspawn's body!
The starcursed mass closely misses you.
A starspawn tentacle comes into view.
A deafening chorus of shrieks assaults your mind!
* * * LOW HITPOINT WARNING * * *
A tentacled starspawn comes into view.
You feel better.
The starcursed mass completely misses you.
A deafening chorus of shrieks assaults your mind!
* * * LOW HITPOINT WARNING * * *
You suddenly lose the ability to move!
The starcursed mass engulfs you but does no damage.
You can move again.
A small abomination comes into view.
Casting: Blink
Confirm with . or Enter, or press ? or * to list all spells.
You blink.
Your transformation is almost over.
You feel like a meek peon again.
A deafening chorus of shrieks assaults your mind!
You die...

.≈≈≈≈...#
...≈.......≈≈
#x.≈≈......≈≈
#..≈≈....≈≈≈≈
#...≈≈≈≈.≈≈≈≈
#...≈≈≈≈≈.≈#≈
#...≈....$... .#
##§#≈≈.§......
.#..# #.XX≈.8.#
#....######.XA≈.###
#####...XuL.XX..# #
.#.......DX≈≈.##.
.....≈2≈XXX≈≈..#
#..# ≈t2≈≈2≈≈..# #
#..t.XXX§X≈≈≈..#
..#.#X.X≈≈≈≈≈∩.# .
#......≈§≈≈≈≈.†#


You could see a bone dragon, 7 starcursed masses, a tentacled monstrosity, an
ancient lich (invisible), an angel, a brown very ugly thing, a tentacled
starspawn, a balrug and a small abomination.

Vanquished Creatures
  the Royal Jelly (Slime:5)
  The ghost of raetorn the Annihilator, a legendary OgWz of Vehumet (Zot:5)
  4 orbs of fire (Zot:5)
  Mennas (Vaults:2)
  3 juggernauts
  9 ancient liches
  2 greater mummies (Tomb:1)
  Boris (twice) (Vaults:2 Tomb:2)
  Frederick (Vaults:2)
  Bai Suzhen (Shoals:3)
  37 shard shrikes
  2 curse toes (Zot:4)
  2 Killer Klowns (Zot:5)
  6 caustic shrikes
  Geryon (Hell)
  Saint Roka (Elf:2)
  16 golden dragons
  7 bone dragons
  the Enchantress (Depths:1)
  A Brimstone Fiend (Depths:1)
  6 electric golems
  Jorgrun (Vaults:1)
  24 Ice Fiends
  A hellephant (Abyss:4)
  A Hell Sentinel (Coc:1)
  Rupert (Snake:1)
  25 tentacled monstrosities
  7 titans
  25 Orb Guardians (Zot:5)
  2 deep elf master archers (Elf:3)
  10 quicksilver dragons
  2 krakens
  2 deep elf blademasters
  The ghost of dracomuter the Bludgeoner, an adept TrCK of Xom (Snake:2)
  30 tentacled starspawn
  16 liches
  An Executioner (Depths:1)
  5 eldritch tentacles
  26 acid blobs
  12 ancient champions
  8 death cobs
  Polyphemus (Shoals:3)
  An acid blob (shapeshifter) (Vaults:5)
  The ghost of raetorn the Arsonist, an adept DrFE of Vehumet (Shoals:3)
  16 sphinxes
  23 storm dragons
  8 tengu reavers
  Kirke (Lair:5)
  Ilsuiw (Shoals:4)
  16 shadow dragons
  8 nagarajas
  Donald (Vaults:1)
  16 draconian monks
  18 frost giants
  16 azure jellies
  3 revenants (Crypt:3)
  5 iron dragons
  15 fire giants
  9 vault wardens
  9 draconian scorchers
  5 deep elf sorcerers
  6 ghost moths
  Aizul (Shoals:2)
  8 draconian knights
  2 juggernaut zombies (Depths:2)
  4 draconian stormcallers
  4 balrugs
  4 deep elf elementalists
  An angel (Depths:1)
  6 draconian shifters
  3 cacodemons
  9 draconian annihilators
  6 spriggan defenders
  3 ghouls (Crypt:2)
  A curse skull (Crypt:3)
  A war gargoyle (Vaults:5)
  2 elemental wellsprings
  30 reapers
  22 very ugly things
  16 ironheart preservers
  An entropy weaver (shapeshifter) (Vaults:5)
  32 stone giants
  8 deep elf demonologists
  13 vampire knights
  3 entropy weavers
  22 green draconians
  16 black draconians
  The ghost of flt the Unseen, a journeyman SpEn of Wu Jian (Snake:1)
  15 red draconians
  8 deep elf annihilators
  The ghost of yann the Warrior, a journeyman MiFi of Gozag (D:12)
  Azrael (D:12)
  10 spark wasps
  2 lorocyprocas
  9 purple draconians
  18 white draconians
  A green death (Abyss:2)
  An ettin (shapeshifter) (Depths:4)
  9 yellow draconians
  2 eidola
  17 ettins
  5 death oozes (Slime:5)
  24 blizzard demons
  4 crystal guardians
  4 quicksilver dragon zombies
  The ghost of hofbold the Fighter, a journeyman DsGl of Makhleb (D:12)
  8 merfolk impalers
  12 mummy priests
  Josephine (D:14)
  10 deep elf death magi
  22 great orbs of eyes
  6 merfolk javelineers
  14 fire dragons
  15 jiangshi
  2 kraken zombies
  4 deep elf high priests
  3 quicksilver dragon skeletons
  24 ogre magi
  2 hell beasts (Hell)
  32 vault guards
  16 yaktaur captains
  A hydra (shapeshifter) (Depths:2)
  7 hydras
  12 rakshasas
  16 naga warriors
  16 ice dragons
  An alligator snapping turtle (Shoals:2)
  22 anacondas
  8 death knights
  51 two-headed ogres
  12 spriggan air magi
  2 catoblepae
  12 deep troll shamans
  A merfolk aquamancer (Shoals:4)
  2 merfolk avatars
  4 titan zombies
  A satyr (Shoals:3)
  6 vampire magi
  10 centaur warriors
  7 tengu warriors
  An alligator (Lair:6)
  6 hell hogs
  2 death scarabs (Tomb:2)
  28 naga sharpshooters
  34 small abominations
  4 death yaks (Shoals:3)
  21 dancing weapons
  7 orc high priests
  14 spriggan berserkers
  8 deep troll earth magi
  17 thrashing horrors
  11 shock serpents
  18 deep elf knights
  16 sun demons
  5 shadow wraiths
  An iron troll (Depths:1)
  Sonja (D:12)
  92 skeletal warriors
  7 salamander mystics
  14 wretched stars
  5 soul eaters
  6 titan skeletons
  2 fire crabs (shapeshifter)
  8 storm dragon zombies
  4 spatial maelstroms
  3 storm dragon skeletons
  An iron troll (shapeshifter) (Vaults:5)
  A death drake (shapeshifter) (Vaults:5)
  A quicksilver dragon simulacrum (Coc:5)
  14 sea snakes
  3 unseen horrors (Vaults:1)
  31 deep trolls
  A sea snake (shapeshifter) (Depths:4)
  A swamp dragon (Lair:6)
  20 hell knights
  2 golden dragon skeletons
  4 sixfirhies
  10 flayed ghosts
  3 ghost moth zombies
  9 glowing orange brains
  16 anaconda zombies
  An unseen horror (shapeshifter) (Depths:4)
  A spark wasp zombie (Depths:2)
  5 golden dragon zombies
  5 wizards
  14 deep elf archers
  4 ironbrand convokers
  An orange crystal statue (Zot:1)
  8 naga ritualists
  13 harpies
  4 lindwurms (Snake:4)
  9 phantasmal warriors
  2 shadow dragon zombies
  20 orc knights
  A harpy (shapeshifter) (Vaults:2)
  9 necromancers
  14 mana vipers
  A tengu zombie (Depths:1)
  4 orc sorcerers
  2 frost giant zombies
  4 anaconda skeletons
  An orb spider (Abyss:4)
  7 worldbinders
  7 stone giant zombies
  An oklob plant (Snake:3)
  A wolf spider (Vaults:1)
  52 deep elf magi
  8 fauns
  3 iron dragon zombies
  A wolf spider (shapeshifter) (Depths:4)
  3 shadow dragon skeletons
  24 ugly things
  A wolf spider zombie (Coc:3)
  6 cyclopes
  A salamander (shapeshifter) (Depths:2)
  7 salamanders
  6 shining eyes
  35 large abominations
  37 moths of wrath
  A fire giant zombie (Coc:1)
  5 iron dragon skeletons
  8 manticores
  5 fire giant skeletons
  A cyclops (shapeshifter) (Vaults:2)
  7 merfolk sirens
  11 elephants
  A rust devil (Abyss:1)
  A dire elephant zombie (Coc:4)
  14 guardian serpents
  A sphinx skeleton (Depths:3)
  3 stone giant skeletons
  11 vault sentinels
  29 naga magi
  8 frost giant skeletons
  An apocalypse crab (Abyss:3)
  Psyche (D:10)
  2 torpor snails
  Maurice (D:9)
  6 orange demons
  Joseph (D:10)
  37 black mambas
  2 molten gargoyles (Lair:5)
  2 eyes of devastation
  4 emperor scorpion zombies
  A titan simulacrum (Coc:3)
  18 smoke demons
  2 hellions
  5 water nymphs (Shoals:4)
  16 spiny frogs
  2 catoblepas zombies
  2 spiny frogs (shapeshifter)
  A storm dragon simulacrum (Coc:3)
  2 dire elephant skeletons
  A swamp worm zombie (Crypt:3)
  2 komodo dragons (shapeshifter)
  A rime drake (shapeshifter) (Vaults:2)
  48 freezing wraiths
  22 tormentors
  4 rime drakes
  3 efreet
  21 guardian mummies
  7 komodo dragons
  49 yaktaurs
  2 anaconda simulacra
  3 hellwings
  A yellow draconian zombie (Coc:1)
  A green draconian skeleton (Coc:2)
  2 demonic crawlers (Abyss:3)
  31 ice devils
  5 red devils (Hell)
  A polar bear (shapeshifter) (Vaults:4)
  A troll (shapeshifter) (Depths:3)
  The ghost of archevel the Skirmisher, an amateur MiFi (D:4)
  A minotaur zombie (Coc:1)
  9 ancient zymes
  24 merfolk
  A queen bee (Lair:1)
  22 hydra zombies
  5 tengu conjurers
  2 harpy zombies
  9 polar bears (Lair:6)
  A golden dragon simulacrum (Coc:3)
  2 meliai (shapeshifter)
  7 trolls
  2 wolf spider simulacra
  A hornet (shapeshifter) (Depths:4)
  7 hornets
  4 ice dragon zombies
  4 harpy skeletons
  12 alligator zombies
  2 sphinx simulacra (Vaults:3)
  A bog body (Crypt:2)
  111 slime creatures
  14 hippogriffs
  5 wind drakes
  A dream sheep (shapeshifter) (Abyss:3)
  A fire giant simulacrum (Abyss:2)
  A meliai zombie (D:12)
  34 raiju
  23 blink frogs
  Prince Ribbit (D:6)
  6 hydra skeletons
  8 snapping turtles
  2 stone giant simulacra
  3 dream sheep (Shoals:2)
  3 fire dragon zombies
  5 ettin zombies
  A black mamba zombie (Coc:4)
  6 alligator skeletons
  Sigmund (D:6)
  5 ettin skeletons
  A shock serpent simulacrum (Coc:3)
  18 water elementals
  9 shadows
  21 wraiths
  A redback (Vaults:3)
  4 fire dragon skeletons
  5 ushabtiu (Tomb:1)
  78 flying skulls
  4 ice dragon skeletons
  13 air elementals
  A yak (shapeshifter) (Depths:2)
  A spriggan (Depths:1)
  A spriggan (shapeshifter) (Vaults:3)
  4 basilisks
  3 wyverns
  9 ynoxinuls
  2 hogs (Lair:5)
  39 yaks
  11 fire elementals
  A golden eye (shapeshifter) (Vaults:4)
  23 golden eyes
  3 neqoxecs
  3 steam dragons (Lair:6)
  Menkaure (D:7)
  8 chaos spawn
  A human (shapeshifter) (Depths:2)
  2 vampire mosquitoes
  15 wargs
  7 hungry ghosts
  3 catoblepas simulacra
  A human zombie (Depths:1)
  An insubstantial wisp (Abyss:5)
  2 harpy simulacra
  14 spiny frog zombies
  An acid dragon (Lair:6)
  A spatial vortex (Abyss:1)
  Edmund (D:5)
  69 nagas
  6 hydra simulacra
  A floating eye (shapeshifter) (Abyss:1)
  A gelid demonspawn skeleton (Crypt:2)
  14 water moccasins
  30 hell hounds
  12 porcupines
  A floating eye (Depths:4)
  2 swamp drakes (Lair:6)
  A snapping turtle zombie (Coc:2)
  4 sky beasts
  13 black bears
  20 ice beasts
  2 manticore zombies
  6 necrophages
  62 starcursed masses
  A black mamba simulacrum (Coc:4)
  5 spiny frog skeletons
  45 orc warriors
  A phantom (D:10)
  9 eyes of draining
  45 ogres
  A swamp dragon zombie (Coc:5)
  25 wolves
  A fire dragon simulacrum (Coc:1)
  An ice dragon simulacrum (Coc:4)
  2 swamp dragon skeletons
  An ogre (shapeshifter) (Depths:2)
  A snapping turtle skeleton (Coc:1)
  19 boggarts
  3 human skeletons
  2 manticore skeletons
  14 centaurs
  A torpor snail zombie (Crypt:2)
  12 crocodiles
  6 big kobolds
  13 bullfrogs
  A bullfrog (shapeshifter) (Vaults:5)
  An elf skeleton (Abyss:1)
  A gnoll sergeant (D:9)
  2 earth elementals (Elf:1)
  A merfolk simulacrum (Coc:2)
  2 scorpions
  A wyvern skeleton (Crypt:2)
  46 killer bees
  2 queen bee zombies
  40 wights
  An electric eel (Lair:4)
  7 howler monkeys
  10 crimson imps
  5 lava snakes (Lair:5)
  3 centaur zombies
  4 hounds
  10 quasits
  2 bullfrog zombies
  2 iron imps
  34 orc priests
  6 jellies
  36 orc wizards
  5 centaur skeletons
  2 bullfrog skeletons
  9 iguanas
  12 worker ants
  A crocodile zombie (Crypt:3)
  A crocodile skeleton (Crypt:2)
  A tengu skeleton (Coc:3)
  2 human simulacra
  A hound skeleton (D:5)
  26 mummies
  2 worker ant zombies
  9 gnolls
  20 adders
  An adder (shapeshifter) (Depths:4)
  4 river rats (Sewer)
  A scorpion zombie (Crypt:3)
  3 shadow imps
  30 white imps
  3 ufetubi
  A lava snake zombie (Crypt:3)
  3 adder zombies
  4 worms
  4 dart slugs
  7 leopard geckos
  100 orcs
  8 bats
  A bat skeleton (Crypt:1)
  5 giant cockroaches
  13 goblins
  7 hobgoblins
  10 jackals
  10 quokkas
  10 ball pythons
  8 frilled lizards
  A gnoll skeleton (Crypt:3)
  A jackal skeleton (D:6)
  2 jackal zombies
  35 kobolds
  An orc skeleton (Crypt:2)
  2 quokka skeletons
  2 quokka zombies (D:5)
  32 rats
  A butterfly (D:5)
  A crawling corpse (Elf:3)
  4 lurking horrors
  17 starspawn tentacles
  7 tentacles
4149 creatures vanquished.

Vanquished Creatures (collateral kills)
  3 hydras
  A merfolk aquamancer (Shoals:4)
  A centaur warrior (D:13)
  A hippogriff (Lair:5)
  A yak (Lair:3)
  3 hogs (Lair:5)
  2 basilisks
  4 centaurs (D:13)
  A bullfrog (D:10)
  2 orcs (D:14)
19 creatures vanquished.

Vanquished Creatures (others)
  A shard shrike (Coc:3)
  An eldritch tentacle (Coc:1)
  A draconian knight (Zot:4)
  A draconian annihilator (Zot:1)
  A white draconian (Zot:1)
  A spriggan air mage (Depths:5)
  An ogre mage (Depths:3)
  23 death scarabs (Tomb:2)
  A hellwing (Abyss:2)
  A hydra zombie (Coc:5)
  An ice dragon zombie (Tomb:1)
  6 flying skulls
  A wight (Coc:3)
  A crimson imp (Hell)
  5 starcursed masses
  An iron imp (Depths:3)
  2 small abominations
  4 mummies
  2 white imps
  3 ufetubi
  A goblin (D:2)
  3 bushes (Depths:1)
  7 fungi
  2 lurking horrors
  29 plants
  79 starspawn tentacles
  18 tentacles
197 creatures vanquished.

Grand Total: 4365 creatures vanquished

Notes
Turn   | Place    | Note
-------+----------+-------------------------------------------
     0 | D:1      | Oravi the Merfolk Transmuter began the quest for the Orb.
     0 | D:1      | Reached XP level 1. HP: 15/15 MP: 3/3
    87 | D:1      | Reached XP level 2. HP: 4/21 MP: 5/5
   798 | D:1      | Reached XP level 3. HP: 26/26 MP: 4/6
  1165 | D:1      | Learned a level 2 spell: Sticks to Snakes
  1169 | D:1      | Learned a level 3 spell: Spider Form
  1295 | D:2      | Found a hide-covered altar of Uskayaw.
  1368 | D:2      | Found a stormy altar of Qazlal.
  1369 | D:2      | Found a shattered altar of Ashenzari.
  1369 | D:2      | Noticed a water elemental
  1391 | D:2      | Gained mutation: You evolve. [potion of mutation]
  1391 | D:2      | Gained mutation: Your system is resistant to poisons. (rPois) [potion of mutation]
  1415 | D:2      | Reached XP level 4. HP: 12/33 MP: 2/7
  1720 | D:2      | Reached skill level 2 in Fighting
  1907 | D:2      | Noticed a fire elemental
  1907 | D:2      | Noticed an air elemental
  1907 | D:2      | Noticed an earth elemental
  2478 | D:3      | Found a glowing drain.
  2487 | Sewer    | Entered a sewer
  2525 | Sewer    | Noticed a big kobold
  2538 | Sewer    | Killed a big kobold
  2538 | Sewer    | Reached XP level 5. HP: 25/39 MP: 1/8
  2628 | Sewer    | Gained mutation: You do not regenerate when monsters are visible. [evolution]
  2708 | Sewer    | Noticed a big kobold
  2784 | Sewer    | Killed a big kobold
  2784 | Sewer    | Reached skill level 5 in Unarmed Combat
  2784 | Sewer    | Reached XP level 6. HP: 38/46 MP: 3/10
  3231 | Sewer    | Reached skill level 3 in Fighting
  3389 | D:3      | Reached XP level 7. HP: 48/52 MP: 9/11
  4014 | D:4      | Reached skill level 5 in Transmutations
  4041 | D:4      | Noticed archevel's ghost (amateur MiFi)
  4082 | D:3      | Gained mutation: You are clumsy. (Dex -2) [evolution]
  4181 | D:4      | Killed archevel's ghost
  4181 | D:4      | Reached skill level 5 in Dodging
  4181 | D:4      | Reached XP level 8. HP: 28/60 MP: 3/13
  4407 | D:4      | Reached skill level 4 in Fighting
  4562 | D:4      | Found a shadowy altar of Dithmenos.
  4739 | D:5      | Entered Level 5 of the Dungeon
  4832 | D:5      | Noticed a two-headed ogre
  4865 | D:4      | Killed a two-headed ogre
  4865 | D:4      | Reached skill level 5 in Fighting
  4865 | D:4      | Reached XP level 9. HP: 18/68 MP: 15/15
  5168 | D:5      | Found a bloodstained altar of Trog.
  5237 | D:5      | Found a staircase to the Ecumenical Temple.
  5255 | Temple   | Entered the Ecumenical Temple
  5262 | Temple   | Became a worshipper of Warmaster Okawaru
  5464 | D:5      | Noticed Edmund
  5478 | D:5      | Killed Edmund
  5498 | D:5      | Got a distressingly furry leather armour
  5509 | D:5      | Identified the cursed +1 leather armour "Rodebu" {Str+4} (You found it on level 5 of the Dungeon)
  5514 | D:5      | Learned a level 4 spell: Ice Form
  5520 | D:5      | Learned a level 5 spell: Blade Hands
  5871 | D:6      | Noticed Sigmund
  5881 | D:6      | Killed Sigmund
  5881 | D:6      | Reached * piety under Okawaru
  5881 | D:6      | Reached skill level 5 in Spellcasting
  5952 | D:6      | Noticed Prince Ribbit
  5971 | D:6      | Killed Prince Ribbit
  6089 | D:6      | Found a burning altar of Makhleb.
  6089 | D:6      | Found a shimmering altar of Xom.
  6219 | D:6      | Found Qaxt's Antique Armour Boutique.
  6248 | D:6      | Found Worrom's Antique Armour Boutique.
  6252 | D:6      | Found Dolalos's Weapon Boutique.
  6571 | D:6      | Found Tumuh's Magic Scroll Shop.
  6580 | D:6      | Bought a scroll of identify for 26 gold pieces
  6580 | D:6      | Bought a scroll of identify for 26 gold pieces
  6606 | D:6      | Reached skill level 6 in Fighting
  6829 | D:7      | Reached XP level 10. HP: 76/76 MP: 14/18
  7067 | D:7      | Found a sacrificial altar of Ru.
  7154 | D:7      | Reached ** piety under Okawaru
  7613 | D:7      | Noticed Menkaure
  7619 | D:7      | Killed Menkaure
  7676 | D:8      | Found a glowing silver altar of Zin.
  7731 | D:8      | Found a white marble altar of Elyvilon.
  7926 | D:8      | Reached skill level 10 in Unarmed Combat
  8061 | D:8      | Gained mutation: You are partially covered in large bone plates. (SH +4) [evolution]
  8247 | D:8      | Reached *** piety under Okawaru
  8506 | D:8      | Found a staircase to the Lair.
  8568 | D:8      | Reached skill level 7 in Fighting
  9064 | D:9      | Noticed Maurice
  9071 | D:9      | Killed Maurice
  9084 | D:9      | Reached **** piety under Okawaru
  9084 | D:9      | Reached XP level 11. HP: 73/84 MP: 17/20
  9519 | D:9      | Found Suofonu's Jewellery Shoppe.
  9700 | D:9      | Found a radiant altar of Vehumet.
  9750 | D:9      | Noticed a two-headed ogre
  9759 | D:9      | Killed a two-headed ogre
  9831 | D:9      | Noticed a two-headed ogre
  9843 | D:9      | Killed a two-headed ogre
  9843 | D:9      | Reached ***** piety under Okawaru
 10158 | D:9      | Lost mutation: Your system is resistant to poisons. (rPois) [evolution]
 10543 | D:10     | Entered Level 10 of the Dungeon
 10543 | D:10     | Noticed Joseph
 10561 | D:10     | Killed Joseph
 10561 | D:10     | Reached skill level 8 in Fighting
 10561 | D:10     | Reached skill level 10 in Transmutations
 11060 | D:10     | Found Usuergh's Jewellery Shop.
 11060 | D:10     | Noticed Psyche
 11174 | D:10     | Killed Psyche
 11174 | D:10     | Reached skill level 10 in Dodging
 11532 | D:10     | Noticed a two-headed ogre
 11557 | D:10     | Killed a two-headed ogre
 11596 | D:10     | Found a staircase to the Orcish Mines.
 11630 | D:10     | Noticed a two-headed ogre
 11658 | D:10     | Killed a two-headed ogre
 11797 | D:10     | Reached XP level 12. HP: 40/94 MP: 19/22
 12156 | D:10     | Found Qapp's Assorted Antiques.
 12422 | D:11     | Received a gift from Okawaru
 12627 | D:11     | Found Dikkossu's Distillery.
 12651 | D:11     | Bought a potion of heal wounds for 50 gold pieces
 12651 | D:11     | Bought a potion of curing for 30 gold pieces
 12903 | D:12     | Found Ichulel's Weapon Shoppe.
 12943 | D:12     | Noticed hofbold's ghost (journeyman DsGl)
 12956 | D:12     | Killed hofbold's ghost
 13108 | D:12     | Found Beaf Doc's Weapon Boutique.
 13231 | D:12     | Reached skill level 9 in Fighting
 13276 | D:12     | Noticed a five-headed hydra
 13292 | D:12     | Killed a five-headed hydra
 13651 | D:12     | Found Rioliwit's General Store.
 13861 | D:12     | Noticed Azrael
 13861 | D:12     | Noticed Sonja
 14241 | Lair:1   | Entered Level 1 of the Lair of Beasts
 14563 | Lair:1   | Gained mutation: You expend magic power (3 MP) to strengthen your wands. [evolution]
 14644 | Lair:1   | Lost mutation: You do not regenerate when monsters are visible. [potion of mutation]
 14644 | Lair:1   | Lost mutation: You expend magic power (3 MP) to strengthen your wands. [potion of mutation]
 14644 | Lair:1   | Lost mutation: You evolve. [potion of mutation]
 14644 | Lair:1   | Lost mutation: You are clumsy. (Dex -2) [potion of mutation]
 14644 | Lair:1   | Gained mutation: Scrolls take you a little longer to read. [potion of mutation]
 14644 | Lair:1   | Gained mutation: You are frail. (-10% HP) [potion of mutation]
 14644 | Lair:1   | Gained mutation: Your body sometimes deteriorates upon taking damage. [potion of mutation]
 14644 | Lair:1   | Gained mutation: Your flesh is cold resistant. (rC+) [potion of mutation]
 14736 | D:11     | Bought a potion of mutation for 80 gold pieces
 14736 | D:11     | Lost mutation: Your body sometimes deteriorates upon taking damage. [potion of mutation]
 14736 | D:11     | Lost mutation: Your flesh is cold resistant. (rC+) [potion of mutation]
 14736 | D:11     | Lost mutation: Scrolls take you a little longer to read. [potion of mutation]
 14736 | D:11     | Lost mutation: You are frail. (-10% HP) [potion of mutation]
 14736 | D:11     | Gained mutation: You are dopey. (Int -2) [potion of mutation]
 14736 | D:11     | Gained mutation: You are frail. (-10% HP) [potion of mutation]
 14736 | D:11     | Gained mutation: You are partially covered in yellow scales. (AC +2) [potion of mutation]
 14737 | D:11     | Bought a potion of mutation for 80 gold pieces
 14737 | D:11     | Lost mutation: You are dopey. (Int -2) [potion of mutation]
 14737 | D:11     | Lost mutation: You are partially covered in yellow scales. (AC +2) [potion of mutation]
 14737 | D:11     | Lost mutation: You are frail. (-10% HP) [potion of mutation]
 14737 | D:11     | Lost mutation: You are partially covered in large bone plates. (SH +4) [potion of mutation]
 14737 | D:11     | Gained mutation: You are partially covered in rugged brown scales. (AC +1, +3% HP) [potion of mutation]
 14737 | D:11     | Gained mutation: You passively map a small area around you. [potion of mutation]
 14737 | D:11     | Gained mutation: You are agile. (Dex +2) [potion of mutation]
 14737 | D:11     | Gained mutation: You have a pair of small antennae on your head. [potion of mutation]
 15815 | Lair:2   | Found a staircase to the Snake Pit.
 15849 | Lair:2   | Reached skill level 1 in Invocations
 15901 | Lair:2   | Received a gift from Okawaru
 15901 | Lair:2   | Reached XP level 13. HP: 96/104 MP: 20/25
 16893 | Lair:3   | Reached skill level 10 in Fighting
 18164 | Lair:4   | Got a brightly glowing leather armour
 18165 | Lair:4   | Identified the +3 leather armour of Articulation {rPois MR+ Str+3 Dex+2} (You found it on level 4 of the Lair of Beasts)
 18577 | Lair:4   | Received a gift from Okawaru
 18821 | Lair:4   | Found a staircase to the Shoals.
 19302 | Lair:5   | Found a viscous altar of Jiyva.
 19302 | Lair:5   | Found a staircase to the Slime Pits.
 19487 | Lair:5   | Reached XP level 14. HP: 114/114 MP: 11/27
 19508 | Lair:5   | Noticed Kirke
 19513 | Lair:5   | Noticed a sphinx
 19530 | Lair:5   | Killed Kirke
 19530 | Lair:5   | Reached skill level 5 in Invocations
 19825 | Lair:5   | Reached skill level 15 in Unarmed Combat
 20267 | Lair:6   | Entered Level 6 of the Lair of Beasts
 20551 | Lair:5   | Received a gift from Okawaru
 20551 | Lair:5   | Reached skill level 11 in Fighting
 20732 | Lair:6   | Reached ****** piety under Okawaru
 21164 | Lair:6   | Received a gift from Okawaru
 22730 | Lair:6   | Reached skill level 10 in Spellcasting
 23165 | D:12     | Killed Azrael
 23165 | D:12     | Reached XP level 15. HP: 93/123 MP: 23/29
 23320 | D:12     | Killed Sonja
 23452 | D:12     | Noticed yann's ghost (journeyman MiFi)
 23496 | D:12     | Killed yann's ghost
 23547 | D:13     | Found Unlavi's Distillery.
 24697 | D:13     | Received a gift from Okawaru
 24867 | D:14     | Reached skill level 12 in Fighting
 25513 | D:14     | Found a gate to the Vaults.
 25891 | D:14     | Noticed Josephine
 25897 | D:14     | Killed Josephine
 26167 | D:15     | Entered Level 15 of the Dungeon
 26727 | D:15     | Received a gift from Okawaru
 27505 | D:15     | Found a staircase to the Depths.
 27598 | D:15     | Found Moegen's Assorted Antiques.
 27776 | D:15     | Reached XP level 16. HP: 132/132 MP: 28/31
 27902 | D:15     | Learned a level 2 spell: Passwall
 27907 | D:15     | Learned a level 4 spell: Petrify
 28119 | Orc:1    | Entered Level 1 of the Orcish Mines
 28142 | Orc:1    | Reached skill level 1 in Earth Magic
 28316 | Orc:2    | Entered Level 2 of the Orcish Mines
 28336 | Orc:2    | Found Seqyph's Book Emporium.
 28603 | Orc:2    | Found a staircase to the Elven Halls.
 28982 | Orc:2    | Received a gift from Okawaru
 29682 | Orc:2    | Reached skill level 15 in Dodging
 30216 | Orc:2    | Received a gift from Okawaru
 30270 | Orc:2    | Found Piraplun's Gadget Boutique.
 30270 | Orc:2    | Found Voptegg's Book Boutique.
 30271 | Orc:2    | Found Iplyam's Weapon Shop.
 30271 | Orc:2    | Found Sudec's Gadget Boutique.
 31472 | Shoals:1 | Entered Level 1 of the Shoals
 31531 | Shoals:1 | Got a heavily runed ring mail
 31532 | Shoals:1 | Identified the +3 ring mail "Tonnanuf" {Str+5} (You found it on level 1 of the Shoals)
 32009 | Shoals:1 | Reached skill level 13 in Fighting
 32385 | Shoals:2 | Noticed Aizul
 32398 | Shoals:2 | Killed Aizul
 32840 | Shoals:2 | Received a gift from Okawaru
 32841 | Shoals:2 | Got a transparent lajatang {god gift}
 33262 | Shoals:2 | Noticed a kraken
 33285 | Shoals:2 | Killed a kraken
 33832 | Shoals:3 | Noticed Polyphemus
 33870 | Shoals:3 | Killed Polyphemus
 33870 | Shoals:3 | Received a gift from Okawaru
 33870 | Shoals:3 | Reached XP level 17. HP: 95/141 MP: 25/32
 34074 | Shoals:3 | Noticed raetorn's ghost (adept DrFE)
 34088 | Shoals:3 | Killed raetorn's ghost
 34222 | Shoals:3 | Noticed Bai Suzhen
 34510 | Shoals:3 | Reached skill level 5 in Earth Magic
 35006 | Shoals:3 | Killed Bai Suzhen
 35027 | Shoals:4 | Entered Level 4 of the Shoals
 35407 | Shoals:4 | Got a pair of polished boots
 35408 | Shoals:4 | Identified the cursed +0 pair of boots of Freedom {rN+} (You found it on level 4 of the Shoals)
 36196 | Shoals:4 | Got a barnacled rune of Zot
 36378 | Shoals:4 | Noticed Ilsuiw
 36442 | Shoals:4 | Killed Ilsuiw
 36442 | Shoals:4 | Received a gift from Okawaru
 37026 | Shoals:4 | Noticed a kraken
 37337 | Shoals:4 | Killed a kraken
 37745 | Snake:1  | Entered Level 1 of the Snake Pit
 37844 | Snake:1  | Noticed flt's ghost (journeyman SpEn)
 37866 | Snake:1  | Killed flt's ghost
 38013 | Snake:1  | Reached XP level 18. HP: 136/149 MP: 27/34
 38043 | Snake:1  | Reached skill level 14 in Fighting
 38119 | Snake:1  | Got an opalescent robe
 38123 | Snake:1  | Identified the cursed +0 robe of Bueh Ose {-Tele rF+ SInv} (You found it on level 1 of the Snake Pit)
 38148 | Snake:1  | Received a gift from Okawaru
 38196 | Snake:1  | Found Juapan's Weapon Emporium.
 38541 | Snake:1  | Noticed Rupert
 38550 | Snake:1  | Killed Rupert
 38667 | Snake:1  | Received a gift from Okawaru
 39475 | Snake:2  | Noticed dracomuter's ghost (adept TrCK)
 39482 | Snake:2  | Killed dracomuter's ghost
 39752 | Snake:2  | Found a transporter.
 40143 | Snake:2  | Found a transporter.
 40515 | Snake:2  | Received a gift from Okawaru
 40918 | Snake:3  | Found a hide-covered altar of Uskayaw.
 41220 | Snake:3  | Found Ohovas's Antique Armour Emporium.
 41448 | Snake:3  | Found a stormy altar of Qazlal.
 41701 | Snake:4  | Entered Level 4 of the Snake Pit
 41761 | Snake:4  | Reached XP level 19. HP: 138/157 MP: 24/35
 42248 | Snake:4  | Received a gift from Okawaru
 42892 | Snake:4  | Reached skill level 15 in Fighting
 44357 | Snake:4  | Received a gift from Okawaru
 44854 | Snake:4  | Got a serpentine rune of Zot
 45363 | Vaults:1 | Entered Level 1 of the Vaults
 45373 | Vaults:1 | Found an iron altar of Okawaru.
 45494 | Vaults:1 | Found Siwav's Distillery.
 45534 | Vaults:1 | Noticed Donald
 45554 | Vaults:1 | Killed Donald
 45683 | Vaults:1 | Reached XP level 20. HP: 123/167 MP: 21/37
 46848 | Vaults:1 | Noticed Jorgrun
 46860 | Vaults:1 | Killed Jorgrun
 47143 | Vaults:2 | Noticed Mennas
 47415 | Vaults:2 | Killed Mennas
 47415 | Vaults:2 | Reached skill level 16 in Fighting
 47631 | Vaults:2 | Noticed Boris
 47648 | Vaults:2 | Killed Boris
 47681 | Vaults:2 | Noticed Frederick
 47694 | Vaults:2 | Killed Frederick
 47865 | Vaults:2 | Received a gift from Okawaru
 49242 | Vaults:3 | Reached XP level 21. HP: 173/177 MP: 4/39
 49786 | Vaults:3 | Found a staircase to the Crypt.
 49851 | Vaults:3 | Reached skill level 17 in Fighting
 51118 | Vaults:4 | Reached skill level 15 in Spellcasting
 51287 | Vaults:4 | Received a gift from Okawaru
 51763 | Vaults:4 | Found Rarchum's Gadget Emporium.
 51790 | Vaults:4 | Got a smelly scale mail
 51791 | Vaults:4 | Identified the +1 scale mail of Nurauseo {Slay+3} (You found it on level 4 of the Vaults)
 52009 | Vaults:4 | Received a gift from Okawaru
 52667 | Snake:2  | Got a transparent ruby amulet
 52680 | Snake:2  | Got a bound glass ring
 52688 | Snake:2  | Identified the amulet of Compassion {+Rage Int+3} (You found it on level 2 of the Snake Pit)
 52689 | Snake:2  | Identified the ring "Foigeneneu" {Dex+5 Stlth-} (You found it on level 2 of the Snake Pit)
 52887 | Orc:2    | Bought a book of the Earth for 1105 gold pieces
 52894 | Orc:2    | Learned a level 6 spell: Statue Form
 53108 | Orc:2    | Bought a book of Spatial Translocations for 650 gold pieces
 53111 | Orc:2    | Learned a level 2 spell: Blink
 53351 | Elf:1    | Entered Level 1 of the Elven Halls
 53476 | Elf:1    | Reached XP level 22. HP: 188/188 MP: 41/41
 54031 | Elf:1    | Identified Cyvoxosu's Almanac of Calling
 54276 | Elf:2    | Reached skill level 18 in Fighting
 54306 | Elf:2    | Found a huge runed gate.
 54306 | Elf:2    | Found a huge runed gate.
 54306 | Elf:2    | Found a huge runed gate.
 54464 | Elf:2    | Identified a scroll of acquirement
 54468 | Elf:2    | Got a crude ruby amulet
 54499 | Elf:2    | Identified the amulet of Fomizes {+Rage MR- Str+5 Slay+2} (You acquired it on level 2 of the Elven Halls)
 54603 | Elf:2    | Noticed Saint Roka
 54614 | Elf:2    | Killed Saint Roka
 55156 | Elf:2    | Received a gift from Okawaru
 55626 | Elf:3    | Entered Level 3 of the Elven Halls
 55773 | Elf:3    | Got a smelly leather armour
 55996 | Elf:3    | Found Cuifi's Antique Weapon Boutique.
 56332 | Elf:2    | Reached skill level 15 in Transmutations
 57123 | Elf:3    | Identified the cursed +0 leather armour "Zinap" {+Inv} (You found it on level 3 of the Elven Halls)
 57182 | Elf:3    | Reached skill level 1 in Polearms
 57611 | Elf:3    | Got a glittering bronze ring
 57667 | Elf:3    | Identified Somu's Reference Book on the Voyage and Creation
 57691 | Elf:3    | Identified the ring "Pepuannotad" {rElec Int+2 SInv} (You took it off a deep elf death mage on level 3 of the Elven Halls)
 58480 | Depths:1 | Entered Level 1 of the Depths
 59251 | Depths:1 | Reached XP level 23. HP: 162/197 MP: 30/43
 59260 | Depths:1 | Found a gateway to a ziggurat.
 59261 | Depths:1 | Noticed an ancient lich
 59361 | Depths:1 | Killed an ancient lich
 59361 | Depths:1 | Reached skill level 1 in Shields
 59364 | Depths:1 | Received a gift from Okawaru
 59562 | Depths:1 | Reached skill level 5 in Polearms
 59569 | Depths:1 | Noticed the Enchantress
 59604 | Depths:1 | Killed the Enchantress
 59606 | Depths:1 | Received a gift from Okawaru
 59858 | Depths:1 | Found Bory Nie's Gadget Shop.
 59858 | Depths:1 | Found Irhy's Jewellery Emporium.
 59859 | Depths:1 | Found Jusol's Jewellery Emporium.
 59935 | Depths:1 | Noticed an ancient lich
 59951 | Depths:1 | Killed an ancient lich
 59997 | Depths:1 | Reached skill level 5 in Shields
 60160 | Depths:1 | Identified the Reference Book on Black Rites
 60183 | Depths:1 | Found a runed gate.
 60183 | Depths:1 | Found a runed gate.
 60183 | Depths:1 | Found a runed gate.
 60183 | Depths:1 | Found a runed gate.
 60183 | Depths:1 | Found a runed gate.
 60183 | Depths:1 | Found a runed gate.
 60184 | Depths:1 | Found the +2 Maxwell's thermic engine {flame, freeze, rF- rC-}
 60256 | Depths:1 | Found a gateway to Hell.
 60377 | Depths:1 | Reached skill level 19 in Fighting
 60379 | Depths:1 | Reached skill level 1 in Translocations
 60394 | Depths:1 | Received a gift from Okawaru
 60683 | Depths:2 | Reached skill level 10 in Polearms
 61035 | Depths:2 | Reached XP level 24. HP: 207/207 MP: 39/43
 61067 | Depths:2 | Found a one-way gate to the infinite horrors of the Abyss.
 61096 | Depths:2 | Received a gift from Okawaru
 61215 | Depths:2 | Received a gift from Okawaru
 61518 | Depths:2 | Identified the Compendium of Earthen Moulding
 62088 | Depths:2 | Noticed a caustic shrike
 62092 | Depths:2 | Killed a caustic shrike
 62705 | Depths:2 | Got a crude tin ring
 62706 | Depths:2 | Identified the ring of Igetump {MR+ AC+3} (You acquired it on level 2 of the Depths)
 63292 | Depths:3 | Received a gift from Okawaru
 63323 | Depths:3 | Reached skill level 15 in Polearms
 63363 | Depths:3 | Reached XP level 25. HP: 167/216 MP: 44/44
 63393 | Depths:3 | Found a one-way gate leading to the halls of Pandemonium.
 63586 | Depths:3 | Reached skill level 20 in Fighting
 63687 | Depths:3 | Got a distressingly furry leather armour
 63688 | Depths:3 | Identified the cursed +0 leather armour of the Quahog {rN+ Dex+2 Stlth-} (You found it on level 3 of the Depths)
 63753 | Depths:3 | Received a gift from Okawaru
 63754 | Depths:3 | Got a fabulously ornate robe {god gift}
 63782 | Depths:3 | Identified the +1 robe of Eternal Night {*Drain rElec rF++} (Okawaru gifted it to you on level 3 of the Depths)
 64631 | Depths:4 | Noticed a juggernaut
 64639 | Depths:4 | Killed a juggernaut
 64639 | Depths:4 | Received a gift from Okawaru
 64660 | Depths:4 | Paralysed by a floating eye for 3 turns
 64671 | Depths:4 | Paralysed by a floating eye for 3 turns
 64680 | Depths:4 | Paralysed by a floating eye for 2 turns
 64683 | Depths:4 | Reached skill level 10 in Shields
 64686 | Depths:4 | Paralysed by a floating eye for 4 turns
 65258 | Depths:4 | Found a burning altar of Makhleb.
 65288 | Depths:4 | Noticed a juggernaut
 65302 | Depths:4 | Killed a juggernaut
 65314 | Depths:4 | Got a warped bronze amulet
 65393 | Depths:4 | Reached XP level 26. HP: 226/226 MP: 39/44
 65932 | Depths:4 | Received a gift from Okawaru
 65937 | Depths:4 | Got a warped trident {god gift}
 65975 | Depths:4 | Reached skill level 21 in Fighting
 66270 | Depths:4 | Identified the +5 trident "Kiujaam" {pain, rElec} (Okawaru gifted it to you on level 4 of the Depths)
 66271 | Depths:4 | Identified the amulet "Geolel" {+Rage rC++ MR+++ Str-5 Dex-4} (You found it on level 4 of the Depths)
 66684 | D:8      | Got a sparkling diamond amulet
 66684 | D:8      | Got a sparkling golden ring
 66684 | D:8      | Got a transparent amber ring
 66689 | D:8      | Identified the amulet of the Doge {RegenMP Int+5 Dex+5} (You acquired it on level 8 of the Dungeon)
 66690 | D:8      | Identified the ring "Nimimm" {rF+ AC+3} (You acquired it on level 8 of the Dungeon)
 66691 | D:8      | Identified the ring "Deuqippe" {Wiz rElec} (You acquired it on level 8 of the Dungeon)
 66903 | Depths:5 | Entered Level 5 of the Depths
 67109 | Depths:5 | Received a gift from Okawaru
 67314 | Depths:5 | Found a gate to the Realm of Zot.
 67679 | Depths:5 | Noticed a juggernaut
 67699 | Depths:5 | Killed a juggernaut
 67865 | Depths:5 | Reached XP level 27. HP: 234/234 MP: 40/45
 68409 | Depths:1 | Got faerie dragon scales
 68420 | Depths:1 | Identified the +1 faerie dragon scales {rF+ rCorr HP-3 Dex+4 Stlth+} (You took it off the Enchantress on level 1 of the Depths)
 68654 | D:8      | Learned a level 5 spell: Alistair's Intoxication
 68660 | D:8      | Learned a level 5 spell: Lee's Rapid Deconstruction
 68894 | Vaults:5 | Entered Level 5 of the Vaults
 68934 | Vaults:5 | Received a gift from Okawaru
 69839 | Vaults:5 | Reached skill level 22 in Fighting
 70378 | Vaults:5 | Noticed an ancient lich
 70389 | Vaults:5 | Killed an ancient lich
 70389 | Vaults:5 | Received a gift from Okawaru
 70390 | Vaults:5 | Got a heavily runed crystal plate armour {god gift}
 70528 | Vaults:4 | Identified the +10 crystal plate armour of the Twenty Blessings {+Blink rN+} (Okawaru gifted it to you on level 5 of the Vaults)
 70561 | Vaults:5 | Identified the Almanac of Flying Flames
 70796 | Vaults:5 | Got a coiled golden amulet
 70916 | Vaults:5 | Got a shimmering steel ring
 70917 | Vaults:5 | Identified the ring of Qiezagaarr {rPois rC+ Str+3 Dex+2} (You took it off an ironheart preserver on level 5 of the Vaults)
 70918 | Vaults:5 | Identified the amulet "Cutyuzuo" {Faith rF+ rC++ Int-3 Dex+2} (You found it on level 5 of the Vaults)
 71205 | D:8      | Learned a level 7 spell: Dragon Form
 71580 | Vaults:5 | Got a silver rune of Zot
 71656 | Vaults:5 | Got a brightly glowing pewter ring
 71686 | Vaults:5 | Identified the ring "Fyrujegg" {rF+ rC+ rN+ MR+ Int-3} (You found it on level 5 of the Vaults)
 71849 | Vaults:5 | Got a twisted leather armour
 71850 | Vaults:5 | Identified the cursed +0 leather armour of the Archfiend {MP+9} (You found it on level 5 of the Vaults)
 72663 | Crypt:1  | Entered Level 1 of the Crypt
 72820 | Crypt:1  | Reached skill level 23 in Fighting
 73772 | Crypt:2  | Found a basalt altar of Yredelemnul.
 74038 | Crypt:3  | Entered Level 3 of the Crypt
 74280 | Crypt:3  | Found a staircase to the Tomb.
 74514 | Crypt:3  | Reached skill level 24 in Fighting
 74558 | Crypt:3  | Received a gift from Okawaru
 74585 | Crypt:3  | Reached skill level 15 in Shields
 75069 | Crypt:3  | Got a scorched marble ring
 75153 | Crypt:3  | Noticed an ancient lich
 75626 | Crypt:3  | Noticed an ancient lich
 75939 | Crypt:3  | Killed an ancient lich
 76220 | Crypt:3  | Killed an ancient lich
 76260 | Crypt:3  | Got a wavering silver ring
 76260 | Crypt:3  | Got a coiled pewter ring
 76267 | Crypt:3  | Identified the Guide on Fiery Ice
 76270 | Crypt:3  | Identified Ziutauz's Almanac of Entrancing Calling
 76277 | Crypt:3  | Identified the ring of Qeicruoh {rElec rN+ Int+4} (You took it off an ancient champion on level 3 of the Crypt)
 76278 | Crypt:3  | Identified the ring of the Thirsty Continents {rF- rN+ Str+2 SInv} (You found it on level 3 of the Crypt)
 76279 | Crypt:3  | Identified the ring "Secettyh" {rN+ Str+8} (You found it on level 3 of the Crypt)
 76287 | Crypt:3  | Got a crystal halberd
 76566 | D:12     | Bought a scroll of identify for 30 gold pieces
 76566 | D:12     | Bought 3 scrolls of identify for 90 gold pieces
 76591 | D:12     | Identified the +10 halberd "Unkuheog" {vamp, rC+ rN+} (You found it on level 3 of the Crypt)
 76699 | D:8      | Learned a level 3 spell: Stone Arrow
 77037 | D:10     | Bought an uncursed ring of resist corrosion for 220 gold pieces
 77216 | Slime:1  | Entered Level 1 of the Pits of Slime
 77400 | Slime:1  | Received a gift from Okawaru
 79663 | Slime:4  | Gained mutation: You are frail. (-10% HP) [a shining eye]
 79894 | Slime:5  | Entered Level 5 of the Pits of Slime
 80016 | Slime:5  | Gained mutation: You are very frail. (-20% HP) [a shining eye]
 80028 | Slime:5  | Reached skill level 25 in Fighting
 80054 | Slime:5  | Gained mutation: Your body sometimes deteriorates upon taking damage. [a shining eye]
 80058 | Slime:5  | Gained mutation: You occasionally shout uncontrollably at your foes. [a shining eye]
 80060 | Slime:5  | Gained mutation: Your spells are a little easier to cast, but a little less powerful. [a shining eye]
 80066 | Slime:5  | Gained mutation: You are extremely frail. (-30% HP) [a shining eye]
 80070 | Slime:5  | Gained mutation: You are occasionally teleported next to monsters. [a shining eye]
 80089 | Slime:5  | Noticed the Royal Jelly
 80143 | Slime:5  | Received a gift from Okawaru
 80144 | Slime:5  | Got a faintly glowing plate armour {god gift}
 80379 | Slime:5  | Found a viscous altar of Jiyva.
 80416 | Slime:5  | Found the +4 moon troll leather armour {Spirit, Regen++ MP+5}
 80471 | Slime:5  | Killed the Royal Jelly
 80819 | D:8      | Lost mutation: You passively map a small area around you. [potion of mutation]
 80819 | D:8      | Lost mutation: You have a pair of small antennae on your head. [potion of mutation]
 80819 | D:8      | Lost mutation: You are extremely frail. (-30% HP) [potion of mutation]
 80819 | D:8      | Lost mutation: You are very frail. (-20% HP) [potion of mutation]
 80819 | D:8      | Gained mutation: You are very frail. (-20% HP) [potion of mutation]
 80819 | D:8      | Lost mutation: You occasionally shout uncontrollably at your foes. [potion of mutation]
 80819 | D:8      | Gained mutation: You have a pair of small antennae on your head. [potion of mutation]
 80820 | D:8      | Lost mutation: Your body sometimes deteriorates upon taking damage. [potion of mutation]
 80820 | D:8      | Lost mutation: You are agile. (Dex +2) [potion of mutation]
 80820 | D:8      | Lost mutation: You are occasionally teleported next to monsters. [potion of mutation]
 80820 | D:8      | Gained mutation: You are resistant to hostile enchantments. (MR+) [potion of mutation]
 80820 | D:8      | Gained mutation: You are partially covered in yellow scales. (AC +2) [potion of mutation]
 80821 | D:8      | Lost mutation: You are resistant to hostile enchantments. (MR+) [potion of mutation]
 80821 | D:8      | Lost mutation: Your spells are a little easier to cast, but a little less powerful. [potion of mutation]
 80821 | D:8      | Gained mutation: You are mostly covered in yellow scales. (AC +3) [potion of mutation]
 80821 | D:8      | Gained mutation: You are somewhat resistant to further mutation. [potion of mutation]
 81122 | Slime:5  | Got a glittering bronze ring
 81151 | Slime:5  | Got a slimy rune of Zot
 81210 | Slime:5  | Identified the ring of the Locust {MR+ Int+2} (You found it on level 5 of the Pits of Slime)
 81854 | Slime:5  | Got a steaming scale mail
 81883 | Slime:5  | Got a faintly humming plate armour
 82114 | D:8      | Identified the +6 scale mail of Perfidy {*Slow rN+ rCorr} (You found it on level 5 of the Pits of Slime)
 82163 | D:8      | Learned a level 3 spell: Ozocubu's Armour
 82262 | D:8      | Learned a level 3 spell: Regeneration
 82490 | Zot:1    | Entered Level 1 of the Realm of Zot
 82520 | Zot:1    | Reached skill level 1 in Charms
 83070 | Zot:1    | Found a transporter.
 83696 | Zot:1    | Reached skill level 5 in Charms
 83731 | Zot:1    | Reached skill level 1 in Poison Magic
 83936 | Zot:1    | Found a transporter.
 84297 | Zot:2    | Received a gift from Okawaru
 84921 | Zot:2    | Got a steaming spear {god gift}
 84922 | Zot:2    | Identified the +11 spear of Dene {pierce, rF- rN+ Str+2 Int+2} (Okawaru gifted it to you on level 2 of the Realm of Zot)
 84987 | Zot:3    | Reached skill level 5 in Poison Magic
 85033 | Zot:3    | Received a gift from Okawaru
 85371 | Zot:3    | Reached skill level 1 in Necromancy
 85817 | Zot:3    | Reached skill level 26 in Fighting
 85954 | Zot:3    | You fall through a shaft!
 87008 | Zot:4    | Received a gift from Okawaru
 87959 | Vaults:1 | Bought a potion of resistance for 180 gold pieces
 87959 | Vaults:1 | Bought a potion of mutation for 144 gold pieces
 88495 | Tomb:1   | Entered Level 1 of the Tomb of the Ancients
 88627 | Tomb:1   | Received a gift from Okawaru
 88638 | Tomb:1   | Noticed a greater mummy
 88640 | Tomb:1   | Noticed a greater mummy
 88651 | Tomb:1   | Noticed an ancient lich
 89031 | Tomb:1   | Killed a greater mummy
 89722 | D:8      | Learned a level 5 spell: Aura of Abjuration
 89765 | D:8      | Learned a level 3 spell: Conjure Flame
 90226 | Tomb:1   | Killed a greater mummy
 90226 | Tomb:1   | Reached skill level 1 in Summonings
 90420 | Tomb:1   | Killed an ancient lich
 90874 | Hell     | Entered the Vestibule of Hell
 90874 | Hell     | Noticed Geryon
 91101 | Hell     | Killed Geryon
 91406 | Hell     | Received a gift from Okawaru
 91622 | Hell     | Found a gateway to the ashen valley of Gehenna.
 91758 | Hell     | Found a gateway to the Iron City of Dis.
 91836 | Hell     | Found a gateway to the freezing wastes of Cocytus.
 91883 | Hell     | Cast into level 2 of the Abyss (reaper)
 91883 | Abyss:2  | Found a corrupted altar of Lugonu.
 91947 | Abyss:2  | Reached skill level 5 in Summonings
 91989 | Abyss:2  | Reached skill level 1 in Stealth
 92026 | Abyss:2  | Found a corrupted altar of Lugonu.
 92090 | Abyss:3  | Found a corrupted altar of Lugonu.
 92177 | Abyss:3  | Found a corrupted altar of Lugonu.
 92423 | Abyss:3  | Received a gift from Okawaru
 92433 | Hell     | Escaped the Abyss
 92531 | Hell     | Lost mutation: You are extremely frail. (-30% HP) [potion of mutation]
 92531 | Hell     | Lost mutation: You are partially covered in rugged brown scales. (AC +1, +3% HP) [potion of mutation]
 92531 | Hell     | Gained mutation: You are somewhat resistant to both further mutation and mutation removal. [potion of mutation]
 92596 | Hell     | Reached skill level 5 in Stealth
 92610 | Hell     | Reached skill level 27 in Fighting
 92619 | Hell     | Found a gateway to the decaying netherworld of Tartarus.
 92711 | Coc:1    | Entered Level 1 of Cocytus
 94810 | Coc:2    | Received a gift from Okawaru
 95385 | Coc:2    | Reached skill level 10 in Earth Magic
 95570 | Coc:2    | Reached skill level 5 in Necromancy
 95736 | Coc:2    | Received a gift from Okawaru
 95743 | Coc:2    | Got a crystal trident {god gift}
 95744 | Coc:2    | Identified the +7 trident "Ziff" {pierce, *Rage +Fly rPois Dex+8} (Okawaru gifted it to you on level 2 of Cocytus)
 96694 | Coc:3    | Received a gift from Okawaru
 96695 | Coc:3    | Got an encrusted spear {god gift}
 97252 | Coc:3    | Reached skill level 10 in Invocations
 97646 | D:8      | Learned a level 5 spell: Bolt of Magma
 97649 | D:8      | Identified the +7 spear of Eternal Night {protect, Int+4} (Okawaru gifted it to you on level 3 of Cocytus)
 98235 | Tomb:1   | Received a gift from Okawaru
 98413 | Tomb:2   | Noticed Boris
 98416 | Tomb:2   | Noticed a greater mummy
 98418 | Tomb:2   | Noticed a greater mummy
 98420 | Tomb:2   | Noticed a greater mummy
 98423 | Tomb:2   | Noticed a greater mummy
 98423 | Tomb:2   | Noticed a greater mummy
 98425 | Tomb:2   | Killed Boris
 98435 | Tomb:2   | Reached skill level 1 in Conjurations
 98647 | Tomb:2   | Reached skill level 1 in Fire Magic
 99172 | Depths:2 | Voluntarily entered the Abyss.
 99214 | Abyss:1  | Found a snail-covered altar of Cheibriados.
 99340 | Abyss:1  | Found a corrupted altar of Lugonu.
 99366 | Abyss:1  | Reached skill level 10 in Charms
 99710 | Abyss:1  | Received a gift from Okawaru
 99771 | Abyss:1  | Found a stormy altar of Qazlal.
100415 | Abyss:1  | Paralysed by accursed screaming for 1 turns
100418 | Abyss:1  | Paralysed by accursed screaming for 2 turns
100425 | Abyss:1  | Paralysed by accursed screaming for 2 turns
100585 | Abyss:2  | Found a shattered altar of Ashenzari.
100601 | Abyss:2  | Reached skill level 10 in Summonings
100807 | Abyss:3  | Paralysed by accursed screaming for 2 turns
100812 | Abyss:3  | Paralysed by accursed screaming for 2 turns
100820 | Abyss:3  | Paralysed by accursed screaming for 1 turns
100823 | Abyss:3  | Paralysed by accursed screaming for 2 turns
100970 | Abyss:5  | Entered Level 5 of the Abyss
101171 | Abyss:5  | Paralysed by accursed screaming for 1 turns
101184 | Abyss:5  | Paralysed by accursed screaming for 1 turns
101186 | Depths:2 | Escaped the Abyss
101395 | D:8      | Learned a level 4 spell: Passage of Golubria
101953 | Depths:2 | Voluntarily entered the Abyss.
101966 | Abyss:1  | Received a gift from Okawaru
101967 | Abyss:1  | Got a faintly humming cloak {god gift}
101978 | Abyss:1  | Identified the +1 cloak of the Distant Future {rF+ SInv} (Okawaru gifted it to you on level 1 of the Abyss)
102047 | Abyss:1  | Found a corrupted altar of Lugonu.
102861 | Abyss:3  | Paralysed by accursed screaming for 1 turns
103061 | Abyss:4  | Paralysed by accursed screaming for 1 turns
103220 | Abyss:5  | Entered Level 5 of the Abyss
103439 | Depths:2 | Escaped the Abyss
103862 | Depths:1 | Reached skill level 10 in Stealth
104033 | Zot:5    | Entered Level 5 of the Realm of Zot
104479 | Zot:5    | Received a gift from Okawaru
104695 | Zot:5    | Noticed an orb of fire
104700 | Zot:5    | Gained mutation: You occasionally shout uncontrollably at your foes. [an orb of fire]
104712 | Zot:5    | Gained mutation: Your body sometimes deteriorates upon taking damage. [an orb of fire]
104727 | Zot:5    | Killed an orb of fire
104787 | Zot:5    | Noticed an ancient lich
104803 | Zot:5    | Killed an ancient lich
104814 | Zot:5    | Reached skill level 15 in Stealth
105055 | Zot:5    | Noticed raetorn's ghost (legendary OgWz)
105070 | Zot:5    | Killed raetorn's ghost
105239 | Zot:5    | Noticed an ancient lich
105243 | Zot:5    | Noticed an orb of fire
105253 | Zot:5    | Killed an ancient lich
105291 | Zot:5    | Killed an orb of fire
105551 | Zot:5    | Noticed an orb of fire
105582 | Zot:5    | Killed an orb of fire
105667 | Zot:5    | Noticed an orb of fire
105698 | Zot:5    | Killed an orb of fire
105805 | Zot:5    | Received a gift from Okawaru
105806 | Zot:5    | Got a translucent trident {god gift}
105815 | Zot:5    | Identified the +1 trident "Resibo" {freeze, *Contam +Rage Dex+5} (Okawaru gifted it to you on level 5 of the Realm of Zot)
105857 | Zot:5    | Noticed an ancient lich
105877 | Zot:5    | Killed an ancient lich
107153 | Coc:1    | Reached skill level 5 in Translocations
107249 | Coc:2    | Received a gift from Okawaru
107250 | Coc:2    | Found the +8 lance "Wyrmbane" {slay drac, rPois rF+ rC+ AC+3}
108412 | Coc:4    | Received a gift from Okawaru
109287 | Coc:4    | Received a gift from Okawaru
109288 | Coc:4    | Got a shimmering spear {god gift}
109293 | Coc:4    | Identified the +5 spear "Wiufoemn" {pierce, Str+4} (Okawaru gifted it to you on level 4 of Cocytus)
110164 | Coc:5    | Received a gift from Okawaru
110164 | Coc:5    | Reached skill level 10 in Translocations
110165 | Coc:5    | Got a bloodstained robe {god gift}
111872 | Depths:2 | Voluntarily entered the Abyss.
112013 | Abyss:1  | Noticed an ancient lich
112037 | Abyss:1  | Paralysed by accursed screaming for 2 turns
112050 | Abyss:1  | HP: 7/291 [starcursed mass/accursed screaming (14)]
112050 | Abyss:1  | Paralysed by accursed screaming for 1 turns
112051 | Abyss:1  | Killed from afar by a starcursed mass

Skill      XL: |  1  2  3  4  5  6  7  8  9 10 11 12 13 14 15 16 17 18 19 20 21 22 23 24 25 26 27 |
---------------+----------------------------------------------------------------------------------+-----
Transmutations | 3 4 5 6 7 9 10 11 12 13 14 15 18 | 18.1
Dodging        | 3 4 5 6 7 9 10 11 12 13 14 15 16 17 18 19 20 21 22 | 22.0
Unarmed Combat | 4 5 6 8 9 10 12 13 14 16 17 18 19 20 21 22 | 22.0
Fighting       | 2 3 5 6 7 8 9 10 11 12 13 14 15 16 17 18 19 20 21 27 | 27.0
Spellcasting   | 3 4 5 6 7 8 9 10 11 12 13 14 15 16 17 18 23 | 23.0
Invocations    | 1 4 6 10 | 10.0
Earth Magic    | 4 6 7 8 9 11 | 11.6
Polearms       | 3 10 15 18 21 22 | 22.0
Shields        | 5 8 10 11 22 | 22.0
Translocations | 2 12 | 12.2
Charms         | 12 | 12.0
Poison Magic   | 7 |  7.0
Necromancy     | 9 |  9.0
Summonings     | 10 | 10.0
Stealth        | 22 | 22.0
Conjurations   | 2 |  2.0
Fire Magic     | 3 |  3.1

Action                   |  1- 3 |  4- 6 |  7- 9 | 10-12 | 13-15 | 16-18 | 19-21 | 22-24 | 25-27 || total
-------------------------+-------+-------+-------+-------+-------+-------+-------+-------+-------++-------
Melee: Unarmed           |   124 |   209 |   276 |   818 |  1080 |  1162 |  1123 |  1179 |  3739 ||  9710
       Headbutt          |     9 |     4 |     3 |       |       |       |       |       |       ||    16
       Tailslap          |       |     5 |       |       |     5 |    35 |       |       |       ||    45
       Punch             |       |     1 |     1 |     6 |    27 |   116 |   138 |    77 |       ||   366
       Staff             |       |       |       |       |       |       |    13 |    26 |       ||    39
       Trishula          |       |       |       |       |       |       |       |   119 |  2294 ||  2413
       Trident           |       |       |       |       |       |       |       |       |   489 ||   489
       Demon trident     |       |       |       |       |       |       |       |       |  1130 ||  1130
       Lance             |       |       |       |       |       |       |       |       |   781 ||   781
 Cast: Beastly Appendage |    12 |     4 |     1 |       |       |       |       |       |       ||    17
       Spider Form       |     4 |    27 |    45 |    86 |    67 |     8 |       |       |       ||   237
       Sticks to Snakes  |       |       |     5 |    22 |    73 |    22 |       |       |     6 ||   128
       Blade Hands       |       |       |       |     9 |    54 |   137 |    98 |    29 |     2 ||   329
       Ice Form          |       |       |       |       |     7 |       |       |       |       ||     7
       Petrify           |       |       |       |       |       |   117 |   123 |    54 |   148 ||   442
       Passwall          |       |       |       |       |       |       |     2 |       |     1 ||     3
       Statue Form       |       |       |       |       |       |       |     1 |    41 |   393 ||   435
       Regeneration      |       |       |       |       |       |       |       |       |   219 ||   219
       Alistair's Intoxi |       |       |       |       |       |       |       |       |   119 ||   119
       Conjure Flame     |       |       |       |       |       |       |       |       |    89 ||    89
       Blink             |       |       |       |       |       |       |       |       |    39 ||    39
       Aura of Abjuratio |       |       |       |       |       |       |       |       |    17 ||    17
       Bolt of Magma     |       |       |       |       |       |       |       |       |    12 ||    12
       Stone Arrow       |       |       |       |       |       |       |       |       |    10 ||    10
       Lee's Rapid Decon |       |       |       |       |       |       |       |       |     7 ||     7
       Passage of Golubr |       |       |       |       |       |       |       |       |     3 ||     3
       Ozocubu's Armour  |       |       |       |       |       |       |       |       |     1 ||     1
       Dragon Form       |       |       |       |       |       |       |       |       |     1 ||     1
Invok: Heroism           |       |       |       |    17 |    25 |    38 |    45 |    52 |   146 ||   323
       Finesse           |       |       |       |     1 |     3 |     7 |     9 |     6 |    14 ||    40
 Abil: End Transformatio |       |       |       |     3 |    22 |    21 |     1 |       |     7 ||    54
Evoke: Wand              |       |       |       |       |    25 |     2 |       |       |       ||    27
  Use: Potion            |     3 |       |     2 |     7 |     3 |     2 |    14 |     1 |    27 ||    59
       Scroll            |       |    12 |     3 |    10 |    11 |     5 |     9 |    10 |    56 ||   116
 Stab: Sleeping          |     1 |     3 |     3 |     1 |       |     1 |     2 |       |    10 ||    21
       Distracted        |       |       |       |     1 |     5 |     2 |     1 |       |    22 ||    31
       Paralysed         |       |       |       |       |     1 |       |       |       |       ||     1
       Petrified         |       |       |       |       |       |   125 |    67 |    30 |   129 ||   351
       Petrifying        |       |       |       |       |       |     9 |    17 |    11 |    32 ||    69
       Confused          |       |       |       |       |       |       |       |       |    18 ||    18
  Eat: Chunk             |     2 |    11 |    15 |    32 |    48 |    37 |    34 |    31 |    81 ||   291
       Ration            |       |       |       |     1 |     1 |     9 |     5 |     4 |    43 ||    63
Armor: Robe              |    15 |     6 |     1 |       |       |       |       |       |       ||    22
       Skin              |     1 |     6 |     4 |    11 |    13 |       |       |   275 |  2568 ||  2878
       Leather armour    |       |       |     1 |    13 |    24 |    45 |    43 |    22 |    44 ||   192
       Acid dragon scale |       |       |       |       |       |       |       |       |     6 ||     6
Dodge: Dodged            |   104 |   159 |   171 |   711 |  1211 |  1065 |   960 |  1569 |  9541 || 15491
       Deflected         |       |       |       |       |       |    63 |    56 |       |       ||   119
Block: Other             |    33 |    50 |    32 |   171 |     1 |       |       |       |       ||   287
       Reflection        |     2 |     3 |     1 |     8 |       |       |       |       |       ||    14
       Buckler           |       |       |       |       |       |       |       |   292 |  2399 ||  2691
       Shield            |       |       |       |       |       |       |       |       |  3561 ||  3561
